 Dungeon Sprint DCSS version 0.30-a0-1008-g30c9307041 (webtiles) character file.

Game seed: 7909349801465519514

6201 Ihaveafatcat the Severer (level 10, -4/102 HPs)
             Began as a Hill Orc Fighter on Apr 5, 2023.
             Was the Champion of Trog.
             Slain by a komodo dragon (10 damage)
             ... in the Dungeon (Sprint IX: "|||||||||||||||||||||||||||||").
             The game lasted 00:03:36 (924 turns).

Ihaveafatcat the Severer (Hill Orc Fighter)          Turns: 924, Time: 00:03:37

Health: -4/102     AC: 10    Str: 24    XL:     10   Next: 91%
Magic:  10/10      EV: 14    Int: 11    God:    Trog [******]
Gold:   0          SH:  6    Dex: 10    Spells: 9/9 levels left

rFire   . . .      SeeInvis .    p - +1 broad axe (heavy)
rCold   . . .      Faith    .    c - +0 buckler
rNeg    . . .      Spirit   .    m - +1 scale mail
rPois   .          Reflect  .    (no helmet)
rElec   .          Rampage  .    (no cloak)
rCorr   .          NoTele   +    (no gloves)
Will    .....                    (no boots) Stlth
                                 (no amulet)
HPRegen 0.37/turn                n - +3 ring of intelligence
MPRegen 0.12/turn                o - +2 ring of evasion

@: no status effects
A: no striking features
a: Renounce Religion, Berserk, Trog's Hand, Brothers in Arms


You were in the Dungeon.
You worshipped Trog.
Trog was exalted by your worship.
You visited 1 branch

Inventory:

Hand Weapons
 a - a +0 war axe
 p - a +1 heavy broad axe (weapon)
 s - a +2 heavy battleaxe
Armour
 b - a +0 scale mail
 c - a +0 buckler (worn)
 m - a +1 scale mail (worn)
Jewellery
 n - a +3 ring of intelligence (left hand)
 o - a +2 ring of evasion (right hand)
Wands
 l - a wand of light (10)
Scrolls
 i - 2 scrolls of enchant weapon
 j - 5 scrolls of blinking
 q - a scroll of identify
 r - a scroll of fear
Potions
 d - a potion of might
 e - 7 potions of curing
 f - 2 potions of heal wounds
 g - 2 potions of haste
 h - 4 potions of magic
 k - a potion of invisibility
 t - 3 potions of mutation


   Skills:
 + Level 13.7 Fighting
 + Level 20.1 Axes
 + Level 12.7 Armour
 + Level 7.2 Dodging
 + Level 1.5 Stealth
 + Level 10.8 Shields


You had 9 spell levels left.
You didn't know any spells.
Your spell library was empty.

Dungeon Overview and Level Annotations

Branches:
Dungeon (1/1)

Altars:
Cheibriados
Dithmenos
Elyvilon
Fedhas
Gozag
Hepliaklqana
Kikubaaqudgha
Makhleb
Nemelex Xobeh
Okawaru
Qazlal
Ru
Sif Muna
Trog
Uskayaw
Vehumet
Wu Jian
Xom
Yredelemnul
Zin
The Shining One
Beogh
Jiyva
Lugonu


Message History

You miss the water moccasin. The water moccasin barely misses you.
You barely miss the water moccasin. You block the water moccasin's attack.
The water moccasin barely misses you.
Unknown command.
You slice the water moccasin like a ripe choko!!!
You kill the water moccasin!
Trog accepts your kill.
Unknown command.
You barely miss the komodo dragon. The komodo dragon bites you!
Unknown command.
You hit the komodo dragon but do no damage.
The komodo dragon closely misses you.
Unknown command.
Unknown command.
You barely miss the komodo dragon. The komodo dragon bites you!!
The komodo dragon bites you!
* * * LOW HITPOINT WARNING * * *
You slash the komodo dragon!
The komodo dragon is moderately wounded.
The komodo dragon bites you.
* * * LOW HITPOINT WARNING * * *
Unknown command.
You hit the komodo dragon.
The komodo dragon is moderately wounded.
You block the komodo dragon's attack.
Unknown command.
You carve the komodo dragon like a ham!!!
You kill the komodo dragon!
Trog accepts your kill.
Your Axes skill increases to level 20!
Unknown command.
You closely miss the komodo dragon. The komodo dragon barely misses you.
Unknown command.
You hit the komodo dragon but do no damage.
The komodo dragon bites you!
* * * LOW HITPOINT WARNING * * *
The komodo dragon barely misses you.
Unknown command.
You barely miss the komodo dragon. The komodo dragon bites you!
You die...

▓_▓.▓
▓_▓.▓.▓
▓_▓.▓.▓
▓_▓.▓.▓
▓_▓.▓.▓
▓_▓.▓.▓
▓_▓.▓.▓
▓_▓.▓l▓
▓_▓.▓@▓
▓_▓.▓.▓
▓_▓.▓.▓
▓_▓.▓.▓
▓_▓.▓.▓
▓_▓.▓.▓
▓_▓.▓.▓
▓_▓.▓.▓
▓_▓.▓.▓


You could see a komodo dragon.

Vanquished Creatures
  A centaur warrior (D)
  A hydra (D)
  An ugly thing (D)
  2 black mambas (D)
  5 cane toads (D)
  A komodo dragon (D)
  A rime drake (D)
  A tengu conjurer (D)
  4 yaks (D)
  2 wraiths (D)
  A steam dragon (D)
  3 water moccasins (D)
  A black bear (D)
  A centaur (D)
  A bullfrog (D)
  A scorpion (D)
  A killer bee (D)
  2 hounds (D)
  2 orc wizards (D)
  An adder (D)
  A goblin (D)
  2 hobgoblins (D)
  A jackal (D)
  A frilled lizard (D)
38 creatures vanquished.

Notes
Turn   | Place    | Note
-------+----------+-------------------------------------------
     0 | D        | Ihaveafatcat the Hill Orc Fighter began the quest for the
                  | Orb.
     0 | D        | Reached XP level 1. HP: 19/19 MP: 1/1
    17 | D        | Reached skill level 3 in Axes
    37 | D        | Noticed a scorpion
    37 | D        | Noticed a black bear
    37 | D        | Noticed a hound
    37 | D        | Noticed a hound
    41 | D        | Killed a hound
    42 | D        | Reached skill level 5 in Fighting
    42 | D        | Reached skill level 4 in Axes
    42 | D        | Reached skill level 5 in Armour
    42 | D        | Reached XP level 2. HP: 27/29 MP: 2/2
    42 | D        | Reached XP level 3. HP: 33/36 MP: 3/3
    47 | D        | Reached skill level 5 in Shields
    55 | D        | Reached skill level 5 in Axes
    55 | D        | Reached XP level 4. HP: 27/44 MP: 4/4
    62 | D        | Killed a black bear
    63 | D        | Reached skill level 7 in Axes
    63 | D        | Reached skill level 1 in Dodging
    63 | D        | Reached XP level 5. HP: 15/52 MP: 5/5
    68 | D        | Reached skill level 8 in Axes
   307 | D        | Found a roughly hewn altar of Beogh.
   307 | D        | Found a snail-covered altar of Cheibriados.
   307 | D        | Found a shadowy altar of Dithmenos.
   307 | D        | Found a white marble altar of Elyvilon.
   307 | D        | Found a blossoming altar of Fedhas.
   307 | D        | Found an opulent altar of Gozag.
   308 | D        | Found a hazy altar of Hepliaklqana.
   309 | D        | Found a viscous altar of Jiyva.
   310 | D        | Found an ancient bone altar of Kikubaaqudgha.
   313 | D        | Found a corrupted altar of Lugonu.
   314 | D        | Found a burning altar of Makhleb.
   315 | D        | Found a sparkling altar of Nemelex Xobeh.
   316 | D        | Found an iron altar of Okawaru.
   317 | D        | Found a stormy altar of Qazlal.
   318 | D        | Found a sacrificial altar of Ru.
   319 | D        | Found a shimmering blue altar of Sif Muna.
   320 | D        | Found a bloodstained altar of Trog.
   321 | D        | Found a hide-covered altar of Uskayaw.
   344 | D        | Found a radiant altar of Vehumet.
   345 | D        | Found an ornate altar of the Wu Jian Council.
   346 | D        | Found a shimmering altar of Xom.
   347 | D        | Found a basalt altar of Yredelemnul.
   348 | D        | Found a glowing silver altar of Zin.
   349 | D        | Found a glowing golden altar of the Shining One.
   352 | D        | Became a worshipper of Trog the Wrathful
   413 | D        | Noticed a centaur
   413 | D        | Noticed a yak
   413 | D        | Noticed a yak
   413 | D        | Noticed a steam dragon
   414 | D        | Killed a steam dragon
   415 | D        | Reached skill level 9 in Axes
   415 | D        | Reached XP level 6. HP: 56/62 MP: 6/6
   420 | D        | Reached skill level 10 in Axes
   420 | D        | Reached * piety under Trog
   424 | D        | Killed a yak
   425 | D        | Reached skill level 11 in Axes
   425 | D        | Reached XP level 7. HP: 58/70 MP: 7/7
   431 | D        | Killed a yak
   431 | D        | Reached ** piety under Trog
   433 | D        | Reached skill level 10 in Fighting
   433 | D        | Reached skill level 12 in Axes
   492 | D        | Noticed a wraith
   492 | D        | Noticed a wraith
   492 | D        | Noticed a tengu conjurer
   492 | D        | Noticed a red ugly thing
   492 | D        | Noticed a centaur warrior
   495 | D        | Killed a centaur warrior
   496 | D        | Reached skill level 14 in Axes
   496 | D        | Reached skill level 10 in Armour
   496 | D        | Reached XP level 8. HP: 81/81 MP: 8/8
   498 | D        | Killed a red ugly thing
   499 | D        | Reached skill level 15 in Axes
   499 | D        | Reached skill level 5 in Dodging
   499 | D        | Reached XP level 9. HP: 75/89 MP: 9/9
   500 | D        | Killed a tengu conjurer
   500 | D        | Reached *** piety under Trog
   505 | D        | Reached skill level 16 in Axes
   506 | D        | Reached **** piety under Trog
   712 | D        | Noticed a cane toad
   712 | D        | Noticed a rime drake
   712 | D        | Noticed a cane toad
   712 | D        | Noticed a black mamba
   714 | D        | Noticed a black mamba
   718 | D        | Noticed a five-headed hydra
   723 | D        | Killed a black mamba
   724 | D        | Reached skill level 17 in Axes
   725 | D        | Killed a cane toad
   726 | D        | Reached ***** piety under Trog
   730 | D        | Killed an eight-headed hydra
   731 | D        | Reached skill level 18 in Axes
   731 | D        | Reached skill level 1 in Stealth
   731 | D        | Reached XP level 10. HP: 21/99 MP: 10/10
   735 | D        | Killed a cane toad
   736 | D        | Reached skill level 10 in Shields
   737 | D        | Killed a black mamba
   738 | D        | Reached skill level 19 in Axes
   891 | D        | Noticed a cane toad
   891 | D        | Noticed a cane toad
   891 | D        | Noticed a cane toad
   900 | D        | Killed a cane toad
   905 | D        | Killed a cane toad
   905 | D        | Reached ****** piety under Trog
   905 | D        | Received a gift from Trog
   908 | D        | Killed a cane toad
   922 | D        | Reached skill level 20 in Axes
   924 | D        | Slain by a komodo dragon

Illustrated notes

Levels and vault maps discovered:
D:        linesprint [early_d, line_temple, items_1, d_10, items_2, lair_1,
          lair_end, items_3, orc_1, orc_end, items_4, d_15, swamp_1, shoals_1,
          snake_1, spider_1, d_20, vaults_1, items_5, swamp_end, shoals_end,
          snake_end, spider_end, vaults_end, d_27, items_6, zot_1, zot_end,
          crypt_end, forest_end, elf_end, slime_end, tomb_end, abyss_end,
          pan_hell_end]

Skill      XL: |  1  2  3  4  5  6  7  8  9 10 |
---------------+-------------------------------+-----
Fighting       | 5 6 7 8 9 10 11 12 13 | 13.7
Axes           | 4 5 7 9 11 14 15 18 20 | 20.1
Armour         | 5 6 8 10 11 12 | 12.7
Shields        | 4 5 6 7 8 9 10 | 10.8
Dodging        | 1 2 3 4 5 6 7 |  7.2
Stealth        | 1 |  1.5

Action                     |  1- 3 |  4- 6 |  7- 9 | 10-12 || total
---------------------------+-------+-------+-------+-------++-------
  Melee: War axe           |    35 |    13 |       |       ||    48
         Broad axe         |       |    10 |    42 |    41 ||    93
    Use: Potion            |       |       |     1 |     1 ||     2
 Armour: Scale mail        |    16 |    10 |    10 |     5 ||    41
  Dodge: Dodged            |    20 |    21 |    32 |    18 ||    91
  Block: Buckler           |     4 |    10 |    19 |    10 ||    43

Table legend: (Time is in decaauts)
 A = Elapsed time spent in this place.
 B = Non-inter-level travel time spent in this place.
 C = Inter-level travel time spent in this place.
 D = Time resting spent in this place.
 E = Time spent auto-exploring this place.
 F = Levels seen in this place.
 G = Mean time per level.
                   A        B        C        D        E       F      G
               +--------+--------+--------+--------+--------+-----+--------+
         Total |    962 |    962 |      0 |    495 |     20 |   1 |  962.0 |
       Dungeon |    962 |    962 |      0 |    495 |     20 |   1 |  962.0 |
               +--------+--------+--------+--------+--------+-----+--------+

Top non-repeatable levels by time:
       D: 962 daAuts
